 Seeded DCSS version 0.28-a0-973-ga7f8b01127 (webtiles) character file.

Game seed: 20211005 (custom seed)

3245 a11behringer the Carver (level 9, -3/79 HPs)
             Began as a Minotaur Berserker on Dec 2, 2021.
             Was a Believer of Trog.
             Slain by an eight-headed hydra (9 damage)
             ... on level 8 of the Dungeon.
             The game lasted 00:27:14 (8235 turns).

a11behringer the Carver (Minotaur Berserker)        Turns: 8235, Time: 00:27:15

Health: -3/79      AC: 12    Str: 28    XL:     9   Next: 67%
Magic:  8/8        EV: 11    Int:  7    God:    Trog [**....]
Gold:   77         SH:  0    Dex: 10    Spells: 8/8 levels left

rFire   . . .      SeeInvis .   D - +2 double sword "Qulot" {vorpal, Int+3}
rCold   . . .      Faith    .   (no shield)
rNeg    . . .      Spirit   .   H - +1 scale mail "Osauwn" {Will+ Regen+ Str+2}
rPois   .          Reflect  .   (helmet restricted)
rElec   .          Harm     .   q - +0 cloak
rCorr   .          Rampage  .   G - +0 pair of gloves
Will    +++..                   (no boots)
Stlth   ..........              b - amulet of magic regeneration
HPRegen 2.03/turn               (no ring)
MPRegen 0.51/turn               (no ring)

@: strong-willed, regenerating
A: horns 2, retaliatory headbutt
a: Renounce Religion, Berserk, Trog's Hand


You were on level 8 of the Dungeon.
You worshipped Trog.
Trog was pleased with you.
You visited 2 branches of the dungeon, and saw 9 of its levels.

You collected 386 gold pieces.
You spent 309 gold pieces at shops.

Inventory:

Hand Weapons
 a - a +1 vorpal falchion
 f - a +0 hunting sling
 g - a +0 hand crossbow
 r - a +1 long sword of holy wrath
 u - a +0 shortbow
 D - the +2 double sword "Qulot" (weapon) {vorpal, Int+3}
   (You found it on level 6 of the Dungeon)

   It inflicts extra damage upon your enemies.
   Int:       It affects your intelligence (+3).
Missiles
 d - 25 sling bullets
 j - 118 arrows
 k - 63 bolts
 l - 68 poisoned darts
 s - 9 atropa-tipped darts (quivered)
Armour
 p - a +0 chain mail
 q - a +0 cloak (worn)
 E - a +0 kite shield
 G - a +0 pair of gloves (worn)
 H - the +1 scale mail "Osauwn" (worn) {Will+ Regen+ Str+2}
   (You bought it in a shop on level 4 of the Dungeon)

   Str:       It affects your strength (+2).
   Regen:     It increases your rate of health regeneration.
   Will:      It increases your willpower.
Jewellery
 b - an amulet of magic regeneration (around neck)
Wands
 h - a wand of iceblast (8)
 v - a wand of flame (26)
Scrolls
 i - a scroll of immolation
 m - 3 scrolls of fear
 o - a scroll of acquirement {unknown}
 t - a scroll of identify
 w - 2 scrolls of teleportation
 x - a scroll of enchant armour {unknown}
 A - a scroll of holy word {unknown}
 B - 3 scrolls of blinking
 C - a scroll of enchant weapon {unknown}
 F - a scroll of silence {unknown}
Potions
 c - a potion of might {unknown}
 e - a potion of flight
 n - a potion of cancellation
 z - 5 potions of curing
 I - 2 potions of haste {unknown}


   Skills:
 + Level 7.0 Fighting
 * Level 12.7 Long Blades
 + Level 8.6 Armour
 + Level 3.7 Dodging


You had 8 spell levels left.
You didn't know any spells.
Your spell library was empty.

Dungeon Overview and Level Annotations

Branches:
Dungeon (8/15)             Temple (1/1) D:6
   Lair: D:8-11

Altars:
Kikubaaqudgha
Sif Muna
Xom
Zin

Shops:
D:4 [


Innate Abilities, Weirdness & Mutations

You have a pair of horns on your head.
You reflexively headbutt those who attack you in melee.


Message History

The atropa-tipped dart hits the eight-headed hydra.
The eight-headed hydra resists.
The eight-headed hydra closely misses you.
You furiously retaliate!
You headbutt the eight-headed hydra. The eight-headed hydra bites you.
The eight-headed hydra bites you! The eight-headed hydra bites you.
The eight-headed hydra bites you but does no damage.
The eight-headed hydra closely misses you.
The eight-headed hydra misses you.
The eight-headed hydra bites you but does no damage.
Throw: 11 darts (atropa)
Press: ? - help, Q - select action, (/) - cycle Shift-Dir - straight line, f/p - eight-headed hydra
Aim: an eight-headed hydra (lightly wounded, 78% to hit, chance to blind on hit: 3%)
You throw an atropa-tipped dart.
The atropa-tipped dart barely misses the eight-headed hydra.
The eight-headed hydra bites you but does no damage. x3
The eight-headed hydra bites you.
The eight-headed hydra closely misses you.
The eight-headed hydra bites you! x2
The eight-headed hydra bites you but does no damage.
Throw: 10 darts (atropa)
Press: ? - help, Q - select action, (/) - cycle Shift-Dir - straight line, f/p - eight-headed hydra
Aim: an eight-headed hydra (78% to hit, chance to blind on hit: 3%)
You throw an atropa-tipped dart.
The atropa-tipped dart hits the eight-headed hydra.
The eight-headed hydra resists.
The eight-headed hydra barely misses you.
The eight-headed hydra bites you. The eight-headed hydra bites you!
The eight-headed hydra bites you. The eight-headed hydra bites you!
* * * LOW HITPOINT WARNING * * *
The eight-headed hydra bites you but does no damage.
The eight-headed hydra bites you.
* * * LOW HITPOINT WARNING * * *
The eight-headed hydra bites you but does no damage.
Your skin crawls.
You feel strong-willed. The eight-headed hydra bites you!
* * * LOW HITPOINT WARNING * * *
The eight-headed hydra bites you!
You die...

#########
####.......###############
#..#.......'..#..........#
#..#.......#..#......(...#
#..#.......#..#..........#
#..#.......#..'..........#
#.##.......###########'######
...##.#######........#.##........
...#...#....#...@....#..#........
...#...#....#....D...#..#........
...#...#....'........#..#.)......
...#...#....#........#..#........
...#...#....#.......[##'#........
...#..##.##.#...........<.#######
...#'###'##+#########.....#......
...#................#..(..#......
...'................#.....#...†..


You could see an eight-headed hydra.

Vanquished Creatures
  A centaur zombie (D:7)
  A wyvern (D:8)
  Eustachio (D:6)
  Menkaure (D:5)
  2 sky beasts (D:7)
  3 black bears
  3 ice beasts
  4 ogres
  2 centaurs
  A kobold brigand (D:8)
  4 bullfrogs
  A gnoll sergeant (D:6)
  A howler monkey (D:5)
  4 orc priests
  A bullfrog skeleton (D:6)
  A gnoll shaman (D:4)
  3 hounds
  4 iguanas
  Crazy Yiuf (D:4)
  3 orc wizards
  A killer bee zombie (D:8)
  A hound skeleton (D:5)
  21 gnolls
  A howler monkey skeleton (D:4)
  5 adders
  An ufetubus (D:4)
  A worm (D:2)
  4 dart slugs
  16 orcs
  3 bats
  6 endoplasms
  2 giant cockroaches
  3 goblins
  6 hobgoblins
  4 quokkas
  8 ball pythons
  6 frilled lizards
  13 kobolds
  8 rats
152 creatures vanquished.

Notes
Turn   | Place    | Note
-------+----------+-------------------------------------------
     0 | D:1      | a11behringer the Minotaur Berserker began the quest for the
                  | Orb.
     0 | D:1      | Reached XP level 1. HP: 19/19 MP: 0/0
   135 | D:1      | Reached skill level 4 in Long Blades
   137 | D:1      | Reached XP level 2. HP: 15/27 MP: 1/1
   309 | D:1      | Found a faded altar of an unknown god.
   790 | D:1      | Reached ** piety under Trog
  1044 | D:2      | Reached XP level 3. HP: 20/33 MP: 2/2
  1724 | D:2      | Reached skill level 5 in Long Blades
  2216 | D:3      | Noticed an ice beast
  2371 | D:2      | Reached XP level 4. HP: 8/40 MP: 3/3
  3197 | D:3      | Killed an ice beast
  3198 | D:3      | Reached skill level 6 in Long Blades
  3198 | D:3      | Reached XP level 5. HP: 47/47 MP: 4/4
  3420 | D:4      | Found a runed translucent door.
  3421 | D:4      | Noticed Crazy Yiuf
  3428 | D:4      | Killed Crazy Yiuf
  3467 | D:4      | Reached XP level 6. HP: 22/53 MP: 5/5
  3691 | D:4      | Reached skill level 7 in Long Blades
  4201 | D:4      | Reached skill level 5 in Fighting
  4201 | D:4      | Reached XP level 7. HP: 24/61 MP: 6/6
  4429 | D:4      | Reached skill level 5 in Armour
  4443 | D:4      | Found Heavid's Armour Boutique.
  4686 | D:5      | Entered Level 5 of the Dungeon
  4835 | D:5      | Noticed Menkaure
  4841 | D:5      | Killed Menkaure
  4842 | D:5      | Reached skill level 8 in Long Blades
  5129 | D:5      | Reached skill level 9 in Long Blades
  5202 | D:5      | Reached XP level 8. HP: 62/69 MP: 7/7
  5739 | D:6      | Reached skill level 10 in Long Blades
  5834 | D:6      | Found a staircase to the Ecumenical Temple.
  5979 | Temple   | Entered the Ecumenical Temple
  6193 | D:6      | Found a shimmering altar of Xom.
  6425 | D:6      | Identified the +2 double sword "Qulot" {vorpal, Int+3}
  6518 | D:6      | Noticed Eustachio
  6525 | D:6      | Killed Eustachio
  6526 | D:6      | Reached skill level 11 in Long Blades
  6668 | D:7      | Reached XP level 9. HP: 78/78 MP: 8/8
  6794 | D:4      | Bought the +1 scale mail "Osauwn" {Will+ Regen+ Str+2} for
                  | 309 gold pieces
  7568 | D:7      | Reached skill level 12 in Long Blades
  7867 | D:8      | Reached *** piety under Trog
  7925 | D:8      | Found a glowing silver altar of Zin.
  7934 | D:8      | Found a shimmering blue altar of Sif Muna.
  8203 | D:8      | Noticed an eight-headed hydra
  8235 | D:8      | Slain by an eight-headed hydra

Illustrated notes

Levels and vault maps discovered:
D:1:      roderic_dead_forest, layout_basic,
          shapermc_ecumenical_altar_mp_highgroup, minmay_misc_feat_encased,
          chequers_serial_rivers_small_a, minmay_tetromino_o4
D:2:      layout_basic
D:3:      layout_basic
D:4:      layout_cave_pools, serial_shops, nicolae_shop_hallway_plus,
          uniq_crazy_yiuf_cottage
D:5:      layout_loops_corners, uniq_menkaure
D:6:      layout_cave_pools, amcnicky_altar_gilded,
          minmay_temple_entry_statues_fountains, uniq_eustachio
D:7:      layout_basic
D:8:      layout_gridville, minitemple
Temple:   mainiacjoe_temple_coin_purse

Skill      XL: |  1  2  3  4  5  6  7  8  9 |
---------------+----------------------------+-----
Long Blades    | 4 5 6 7 9 11 12 | 12.7
Fighting       | 4 5 6 7 |  7.0
Armour         | 3 4 5 7 8 |  8.6
Dodging        | 3 |  3.7

Action                   |  1- 3 |  4- 6 |  7- 9 || total
-------------------------+-------+-------+-------++-------
Melee: Falchion          |    90 |    94 |   124 ||   308
       Headbutt          |    15 |    18 |    37 ||    70
       Double sword      |       |       |    84 ||    84
Throw: Throwing net      |     1 |       |       ||     1
       Dart              |       |       |     3 ||     3
Invok: Trog's Hand       |       |     5 |     6 ||    11
       Berserk           |       |     4 |     7 ||    11
  Use: Scroll            |     4 |     1 |     3 ||     8
       Potion            |       |     1 |       ||     1
Armor: Animal skin       |     2 |       |       ||     2
       Leather armour    |     6 |       |       ||     6
       Scale mail        |    15 |     6 |    66 ||    87
       Chain mail        |       |    61 |    68 ||   129
Dodge: Dodged            |    63 |    64 |   114 ||   241

Table legend: (Time is in decaauts)
 A = Elapsed time spent in this place.
 B = Non-inter-level travel time spent in this place.
 C = Inter-level travel time spent in this place.
 D = Time resting spent in this place.
 E = Time spent auto-exploring this place.
 F = Levels seen in this place.
 G = Mean time per level.
                   A        B        C        D        E       F      G
               +--------+--------+--------+--------+--------+-----+--------+
         Total |   8328 |   6934 |   1394 |      0 |   5780 |   9 |  925.3 |
       Dungeon |   8168 |   6774 |   1394 |      0 |   5623 |   8 | 1021.0 |
        Temple |    160 |    160 |      0 |      0 |    157 |   1 |  160.0 |
               +--------+--------+--------+--------+--------+-----+--------+

Top non-repeatable levels by time:
     D:2: 1632 daAuts
     D:3: 1164 daAuts
     D:5: 1120 daAuts
     D:4: 1096 daAuts
     D:1: 901 daAuts
     D:6: 866 daAuts
     D:7: 800 daAuts
     D:8: 586 daAuts
  Temple: 160 daAuts
